 Dungeon Crawl Stone Soup version 0.26-a0-663-g36e8fdb655 (webtiles) character file.

Game seed: 10430780958088595791

32 lunkers the Sneak (level 3, -3/23 HPs)
             Began as a Kobold Delver on Oct 12, 2020.
             Killed from afar by a white imp (12 damage)
             ... with a puff of frost
             ... on level 5 of the Dungeon.
             The game lasted 00:00:29 (74 turns).

lunkers the Sneak (Kobold Delver)                     Turns: 74, Time: 00:00:29

Health: -3/23      AC:  3    Str:  9    XL:     3   Next: 45%
Magic:  3/3        EV: 14    Int: 11    God:
Gold:   14         SH:  0    Dex: 17    Spells: 2/2 levels left

rFire    . . .     SeeInvis .   a - +0 short sword
rCold    . . .     Faith    .   (shield restricted)
rNeg     . . .     Spirit   .   b - +0 leather armour
rPois    .         Reflect  .   (no helmet)
rElec    .         Harm     .   (no cloak)
rCorr    .         Rampage  .   (no gloves)
MR       .....                  (no boots)
Stlth    ++++......             (no amulet)
HPRegen  0.07/turn              (no ring)
MPRegen  0.08/turn              (no ring)

@: no status effects
A: small, nightstalker 3
a: no special abilities


You were on level 5 of the Dungeon.
You visited 1 branch of the dungeon, and saw 1 of its levels.

You collected 14 gold pieces.

Inventory:

Hand Weapons
 a - a +0 short sword (weapon)
Armour
 b - a +0 leather armour (worn)
Wands
 g - a wand of digging (3)
Scrolls
 c - a scroll of fog
 d - a scroll of magic mapping
 e - a scroll of fear
Potions
 f - 2 potions of haste


   Skills:
 - Level 3.2 Fighting
 + Level 3.9 Short Blades
 - Level 2.4 Dodging
 + Level 7.3 Stealth


You had 2 spell levels left.
You didn't know any spells.
Your spell library was empty.

Dungeon Overview and Level Annotations

Branches:
Dungeon (5/15)
 Temple: D:4-7

Altars:


Innate Abilities, Weirdness & Mutations

You are small and have problems with some larger weapons.
You are completely attuned to the shadows.


Message History

You hit the white imp.
The white imp is heavily wounded.
The jackal barely misses you. The white imp gestures at you.
The puff of frost hits you.
* * * LOW HITPOINT WARNING * * *
The jackal barely misses you.
You hit the white imp.
The white imp is almost dead.
The jackal barely misses you.
The white imp hits you but does no damage.
Unknown command.
You barely miss the white imp.
The white imp is almost dead.
The jackal bites you.
* * * LOW HITPOINT WARNING * * *
The white imp gestures at you. The puff of frost hits you!
Ouch! That really hurt!
You die...

...... .. ### ####..
..[..## #..
...#..#######..
#.............#
#.##.# ##...#
##h##.# #.#..
#####..##.######.##.
#..@#............(..
#..5hh.##.#...######
#.....###.#.........
#....## #(...#...#..
####.# ##....#(#...
#.. ......#...# .##
#........ .#o..#..
.#$#...


You could see a white imp and 2 jackals.

Vanquished Creatures
  A howler monkey skeleton (D:5)
  A shadow imp (D:5)
  2 white imps (D:5)
  A quokka (D:5)
5 creatures vanquished.

Notes
Turn   | Place    | Note
-------+----------+-------------------------------------------
     0 | D:5      | lunkers the Kobold Delver began the quest for the Orb.
     0 | D:5      | Reached XP level 1. HP: 14/14 MP: 1/1
    29 | D:5      | Reached XP level 2. HP: 19/19 MP: 2/2
    32 | D:5      | Reached skill level 7 in Stealth
    37 | D:5      | Reached XP level 3. HP: 23/23 MP: 3/3
    74 | D:5      | Killed from afar by a white imp

Illustrated notes

Levels and vault maps discovered:
D:5:      cheibrodos_fzero, layout_rooms, okawaru_metal_pillars_1_2,
          kennysheep_mini_moat, serial_rivers, chequers_serial_rivers_large_b,
          chequers_serial_rivers_room_a, chequers_serial_rivers_small_b,
          chequers_serial_rivers_room_a, chequers_serial_rivers_micro_a,
          chequers_serial_rivers_micro_b

Skill      XL: |  1  2 |
---------------+-------+-----
Short Blades   | 3 |  3.9
Stealth        | 7 |  7.3
Fighting       | |  3.2
Dodging        | |  2.4

Action                   || total
-------------------------++-------
Melee: Short sword       ||    11
 Stab: Sleeping          ||     5
Armor: Leather armour    ||     1
Dodge: Dodged            ||     9

Table legend: (Time is in decaauts)
 A = Elapsed time spent in this place.
 B = Non-inter-level travel time spent in this place.
 C = Inter-level travel time spent in this place.
 D = Time resting spent in this place.
 E = Time spent auto-exploring this place.
 F = Levels seen in this place.
 G = Mean time per level.
                   A        B        C        D        E       F      G
               +--------+--------+--------+--------+--------+-----+--------+
         Total |     73 |     73 |      0 |      0 |     20 |   1 |   73.0 |
       Dungeon |     73 |     73 |      0 |      0 |     20 |   1 |   73.0 |
               +--------+--------+--------+--------+--------+-----+--------+

Top non-repeatable levels by time:
     D:5: 73 daAuts
